 Dungeon Crawl Stone Soup version 0.13-a0-2202-g857913d (webtiles) character file.

158 Kae the Firebug (level 4, -10/24 HPs)
             Began as a Tengu Fire Elementalist on July 2, 2013.
             Mangled by a gnoll
             ... wielding a +0,+0 spear
              (12 damage)
             ... on Level 3 of the Dungeon.
             The game lasted 00:04:14 (2445 turns).

Kae the Firebug (Tengu Fire Elementalist)           Turns: 2445, Time: 00:04:14

HP -10/24        AC  7     Str  9      XL: 4   Next: 69%
MP   4/9         EV 12     Int 16      God:
Gold 60          SH  0     Dex 14      Spells:  2 memorised,  4 levels left

Res.Fire  : . . .   See Invis. : .   l - +0 dwarf dagger
Res.Cold  : . . .   Warding    : .   a - +1 robe
Life Prot.: . . .   Conserve   : .   (no shield)
Res.Poison: .       Res.Corr.  : .   (helmet restricted)
Res.Elec. : .       Clarity    : .   (no cloak)
Sust.Abil.: . .     Spirit.Shd : .   (no gloves)
Res.Mut.  : .       Stasis     : .   (boots unavailable)
Res.Rott. : .       Flight     : .   (no amulet)
Saprovore : . . .                    (no ring)
                                     h - +4 ring of protection

@: very slightly contaminated, slightly resistant to hostile enchantments,
fairly stealthy
A: beak, talons 3
a: no special abilities


You were on level 3 of the Dungeon.
You were very hungry.

You visited 1 branch of the dungeon, and saw 3 of its levels.

You collected 40 gold pieces.

Inventory:

Hand weapons
 l - a +0,+0 dwarven dagger (weapon)
Armour
 a - a +1 robe (worn)
Comestibles
 c - a bread ration
 f - a meat ration
Scrolls
 d - a scroll of remove curse {unknown}
 e - a scroll of identify
 k - a scroll of enchant armour
Jewellery
 h - a +4 ring of protection (left hand)
Potions
 g - 5 potions of curing
 i - a potion of cure mutation {unknown}
 o - 2 potions of agility
Books
 b - a book of Flames

   Spells                             Type                      Level
   *Flame Tongue                      Conjuration/Fire             1
   *Throw Flame                       Conjuration/Fire             2
   Conjure Flame                      Conjuration/Fire             3
   Inner Flame                        Hexes/Fire                   3
   Sticky Flame                       Conjuration/Fire             4
   Fireball                           Conjuration/Fire             5


   Skills:
 - Level 2.1 Dodging
 - Level 2.0 Stealth
 + Level 2.1 Spellcasting
 * Level 4.0 Conjurations
 * Level 4.1 Fire Magic


You had 4 spell levels left.
You knew the following spells:

 Your Spells              Type           Power        Failure   Level  Hunger
a - Flame Tongue          Conj/Fire      ##...        4%          1    #......
b - Throw Flame           Conj/Fire      ##....       8%          2    ###....


Dungeon Overview and Level Annotations

Branches:
Dungeon (3/27)

Altars:
Sif Muna


Innate Abilities, Weirdness & Mutations

You have a beak for a mouth.
You have claws for feet.


Message History

Casting: Flame Tongue
Confirm with . or Enter, or press ? or * to list all spells.
Aiming: Flame Tongue
Press: ? - help, Shift-Dir - straight line, f/p - gnoll
Aim: a gnoll, wielding a spear (severely wounded)
The flame hits the gnoll.
The gnoll is severely wounded.
The bat closely misses you. The gnoll hits you with a spear!
* * * LOW HITPOINT WARNING * * *
Casting: Flame Tongue
Confirm with . or Enter, or press ? or * to list all spells.
Aiming: Flame Tongue
Press: ? - help, Shift-Dir - straight line, f/p - gnoll
Aim: a gnoll, wielding a spear (severely wounded)
You miscast Flame Tongue.
You are very lightly contaminated with residual magic.
Nothing appears to happen.
The bat barely misses you. The gnoll hits you with a spear!
Ouch! That really hurt!
You die...

. #.....# .. ... #.....#
.### .....###.....####.#.#
.....................#.#
#...####...............#
....####%###.......#...#
#......................
#.###.......##.......##..#
..........@.##.#...........
...........g##.##.##.##..#
......###)###.#.....# .#
.........b......###..
................# #.
...............# ##
....###.####### .... ... ..
##..


You could see a gnoll and a bat.

Vanquished Creatures
  2 gnolls (D:2)
  2 adders
  A worm (D:2)
  3 giant geckos
  3 orcs (D:3)
  4 bats
  4 giant cockroaches
  5 hobgoblins
  3 ball pythons (D:2)
  4 giant newts
  3 goblins
  7 jackals
  4 kobolds
  7 rats
52 creatures vanquished.

Notes
Turn   | Place    | Note
--------------------------------------------------------------
     0 | D:1      | Kae, the Tengu Fire Elementalist, began the quest for the Orb.
     0 | D:1      | Reached XP level 1. HP: 10/10 MP: 3/3
   148 | D:1      | Reached XP level 2. HP: 9/15 MP: 5/5
   163 | D:1      | Learned a level 2 spell: Throw Flame
  1053 | D:1      | Reached XP level 3. HP: 8/19 MP: 1/6
  1611 | D:2      | Reached skill level 4 in Fire Magic
  1988 | D:2      | Reached XP level 4. HP: 24/24 MP: 8/8
  1995 | D:2      | Found a deep blue altar of Sif Muna.
  2445 | D:3      | Mangled by a gnoll

Action                   |  1- 3 |  4- 6 || total
-------------------------+-------+-------++-------
Melee: Unarmed           |    27 |       ||    27
       Dagger            |    25 |     8 ||    33
 Cast: Flame Tongue      |    53 |    32 ||    85
  Use: Potion            |     1 |     3 ||     4
       Scroll            |       |     4 ||     4
 Stab: Sleeping          |     2 |       ||     2
